 Dungeon Crawl Stone Soup version 0.28.0-49-g6dfe1f597d (webtiles) character file.

Game seed: 5618945867765646155

694 Exodus22XD the Poker (level 7, -5/52 HPs)
             Began as a Demonspawn Gladiator on May 15, 2022.
             Slain by Sigmund
             ... wielding a +0 scythe
              (12 damage)
             ... on level 5 of the Dungeon.
             The game lasted 00:04:09 (5369 turns).

Exodus22XD the Poker (Demonspawn Gladiator)         Turns: 5369, Time: 00:04:09

Health: -5/52      AC:  3    Str: 22    XL:     7   Next: 37%
Magic:  7/7        EV: 13    Int:  9    God:
Gold:   122        SH:  0    Dex: 15    Spells: 6/6 levels left

rFire   . . .      SeeInvis .   a - +0 trident
rCold   . . .      Faith    .   (no shield)
rNeg    . . .      Spirit   .   b - +0 leather armour
rPois   .          Reflect  .   (helmet restricted)
rElec   .          Harm     .   l - scarf {shadows}
rCorr   .          Rampage  .   (no gloves)
Will    .....                   (no boots)
Stlth   +.........              t - amulet of the acrobat
HPRegen 0.17/turn               s - +6 ring of strength
MPRegen 0.10/turn               (no ring)

@: confused
A: antennae 1, ignite blood 1, spiny 2
a: no special abilities


You were on level 5 of the Dungeon.
You visited 1 branch of the dungeon, and saw 5 of its levels.

You collected 122 gold pieces.

Inventory:

Hand Weapons
 a - a +0 trident (weapon)
Missiles
 d - 4 throwing nets (quivered)
Armour
 b - a +0 leather armour (worn)
 c - a +0 helmet
 l - a scarf of shadows (worn)
Jewellery
 i - an amulet of magic regeneration
 s - a +6 ring of strength (left hand)
 t - an amulet of the acrobat (around neck)
Wands
 u - a wand of paralysis (1)
 z - a wand of flame (19)
Scrolls
 g - 2 scrolls of brand weapon
 j - a scroll of enchant armour
 k - a scroll of enchant weapon
 q - a scroll of immolation {unknown}
 r - a scroll of holy word {unknown}
 v - a scroll of fog {unknown}
 w - a scroll of teleportation {unknown}
 y - a scroll of fear {unknown}
Potions
 f - a potion of flight
 h - 6 potions of curing
 m - 2 potions of lignification
 n - a potion of ambrosia {unknown}
 o - a potion of might {unknown}
 p - 2 potions of degeneration {unknown}


   Skills:
 + Level 3.4 Fighting
 + Level 5.4 Polearms
 + Level 1.8 Throwing
 + Level 2.8 Armour
 + Level 3.7 Dodging
 + Level 2.8 Stealth


You had 6 spell levels left.
You didn't know any spells.
Your spell library contained the following spells:

 Spells                   Type           Power      Damage    Failure   Level
 Animate Skeleton         Necr           0%         N/A       43%         1
 Apportation              Tloc           0%         N/A       43%         1
 Pain                     Necr           0%         1d4       43%         1
 Ignite Poison            Fire/Tmut/Pois 0%         N/A       80%         3
 Mephitic Cloud           Conj/Pois/Air  0%         N/A       80%         3
 Vampiric Draining        Necr           0%         2d6       80%         3
 Alistair's Intoxication  Tmut/Pois      0%         N/A       100%        5
 Freezing Cloud           Conj/Ice/Air   0%         6-21      100%        5
 Summon Forest            Summ/Tloc      0%         N/A       100%        5
 Eringya's Noxious Bog    Tmut/Pois      0%         N/A       100%        6
 Summon Hydra             Summ           0%         N/A       100%        7


Dungeon Overview and Level Annotations

Branches:
Dungeon (5/15)
 Temple: D:4-7

Altars:
Okawaru
Trog

Annotations:
D:5 Sigmund


Innate Abilities, Weirdness & Mutations

You have a pair of small antennae on your head.
Your demonic aura sometimes causes spilled blood to erupt in flames.
You are mostly covered in sharp spines.


Message History

Sigmund closely misses you.
You reach to attack!
You hit Sigmund but do no damage.
Sigmund is lightly wounded.
You reach to attack!
You completely miss Sigmund.
Sigmund is lightly wounded.
Sigmund misses you.
You reach to attack!
You hit Sigmund.
Sigmund is lightly wounded.
Sigmund misses you.
You reach to attack!
You closely miss Sigmund.
Sigmund is lightly wounded.
You reach to attack!
You puncture Sigmund!
Sigmund is heavily wounded.
Sigmund casts a spell.
Sigmund flickers and vanishes!
Deactivating autopickup; reactivate with Ctrl-A.
No target in view!
You hear some strange, mumbled words.
A puff of flame appears from out of thin air!
The puff of flame misses you.
You hit something. Something hits you!
You miss something. Something hits you!
You puncture something! Something hits you!
Okay, then.
Okay, then.
You miss something. You miss something. Something hits you.
You hit something but do no damage. Something hits you.
* * * LOW HITPOINT WARNING * * *
Okay, then.
A magic dart appears from out of thin air!
The magic dart hits you.
* * * LOW HITPOINT WARNING * * *
Unknown command.
A magic dart appears from out of thin air!
The magic dart hits you.
* * * LOW HITPOINT WARNING * * *
You are confused.
You bump into the rock wall.
Something hits you!
You die...

######### #################
#.......# #...............<
##.#####.####.###########.###
#........................#.#.
#####..#####..{.@....#.....##....
............#####.##.#.###.##..#.
####/.####.# #.##.#.# #.##...#
#..# #.# #.##.#.# #.###.#. #..#
#.# #.##.#.# #.# #... #...#
#)#####.##.#.# #.# ...# #.###.
#).).# .# #.# #.# .. . #. .#
#......... ... # .# #....##...


There were no monsters in sight!

Vanquished Creatures
  A water moccasin (D:3)
  A scorpion (D:4)
  A water moccasin zombie (D:4)
  A centaur zombie (D:4)
  A jelly (D:4)
  2 orc priests
  A hound (D:4)
  A bullfrog skeleton (D:4)
  An iguana (D:3)
  A scorpion zombie (D:4)
  2 orc wizards
  3 hound zombies (D:4)
  A hound skeleton (D:4)
  2 adders
  2 gnolls (D:4)
  2 adder skeletons (D:4)
  3 adder zombies (D:4)
  A worm (D:3)
  13 orcs
  5 endoplasms
  4 giant cockroaches
  5 goblins
  5 hobgoblins
  9 jackals
  4 kobolds
  4 quokkas
  5 ball pythons
  3 bats
  4 frilled lizards
  5 rats
93 creatures vanquished.

Notes
Turn   | Place    | Note
-------+----------+-------------------------------------------
     0 | D:1      | Exodus22XD the Demonspawn Gladiator began the quest for the
                  | Orb.
     0 | D:1      | Reached XP level 1. HP: 16/16 MP: 1/1
   421 | D:1      | Gained mutation: Your demonic aura sometimes causes spilled
                  | blood to erupt in flames. [demonic ancestry]
   421 | D:1      | Reached XP level 2. HP: 22/22 MP: 2/2
   748 | D:1      | Reached skill level 3 in Polearms
  1383 | D:2      | Gained mutation: You are partially covered in sharp spines.
                  | [demonic ancestry]
  1383 | D:2      | Reached XP level 3. HP: 24/27 MP: 3/3
  1474 | D:2      | Reached skill level 1 in Stealth
  2429 | D:3      | Noticed a water moccasin
  2434 | D:3      | Killed a water moccasin
  2435 | D:3      | Reached skill level 1 in Armour
  2435 | D:3      | Reached XP level 4. HP: 32/34 MP: 4/4
  2435 | D:3      | Reached XP level 5. HP: 36/39 MP: 5/5
  2558 | D:3      | Found a bloodstained altar of Trog.
  2953 | D:3      | Reached skill level 4 in Polearms
  3745 | D:4      | Gained mutation: You have a pair of small antennae on your
                  | head. [demonic ancestry]
  3745 | D:4      | Reached XP level 6. HP: 46/46 MP: 6/6
  3794 | D:4      | Found an iron altar of Okawaru.
  4433 | D:4      | Reached skill level 5 in Polearms
  4433 | D:4      | Gained mutation: You are mostly covered in sharp spines.
                  | [demonic ancestry]
  4433 | D:4      | Reached XP level 7. HP: 42/52 MP: 7/7
  5023 | D:5      | Entered Level 5 of the Dungeon
  5338 | D:5      | Noticed Sigmund
  5369 | D:5      | Slain by Sigmund

Illustrated notes

Levels and vault maps discovered:
D:1:      psy_arrival_dodecagon, layout_basic, minmay_box_of_dots
D:2:      layout_basic
D:3:      layout_basic, trog_three_pillars_becter
D:4:      layout_basic, okawaru_altar_gauntlet_db, serial_undead,
          serial_undead_f, serial_undead_b, serial_undead_f, serial_undead_b,
          serial_undead_e, serial_undead_a, serial_undead_f
D:5:      layout_loops_ring, minmay_temple_entry_statues,
          ebering_ghost_rock_garden, uniq_duvessa, uniq_sigmund, uniq_edmund

Skill      XL: |  1  2  3  4  5  6 |
---------------+-------------------+-----
Dodging        | 3 |  3.7
Polearms       | 3 4 5 |  5.4
Stealth        | 1 2 |  2.8
Armour         | 1 2 |  2.8
Fighting       | 3 |  3.4
Throwing       | |  1.8

Action                   |  1- 3 |  4- 6 |  7- 9 || total
-------------------------+-------+-------+-------++-------
Melee: Trident           |    89 |   123 |    47 ||   259
       Punch             |       |     2 |       ||     2
  Use: Scroll            |       |     3 |     3 ||     6
       Potion            |       |     1 |     1 ||     2
 Stab: Sleeping          |     6 |     6 |     2 ||    14
Armor: Leather armour    |    12 |    16 |     6 ||    34
Dodge: Dodged            |    39 |    65 |    13 ||   117
